 Dungeon Crawl Stone Soup version 0.23.2-1-ga50397a6bc (webtiles) character file.

Game seed: 6045390839094278353

811 Kobolds4U the Cleaver (level 7, -4/61 HPs)
             Began as a Minotaur Fighter on Apr 23, 2019.
             Slain by an ice beast (10 damage)
             ... on level 4 of the Dungeon on Apr 24, 2019.
             The game lasted 00:10:14 (3802 turns).

Kobolds4U the Cleaver (Minotaur Fighter)            Turns: 3802, Time: 00:10:14

Health: -4/61      AC: 10    Str: 20    XL:     7   Next: 61%
Magic:  6/6        EV:  7    Int:  6    God:
Gold:   261        SH:  0    Dex: 11    Spells: 6/6 levels left

rFire    . . .     SeeInvis +   a - +0 war axe
rCold    . . .     Gourm    +   (no shield)
rNeg     . . .     Faith    .   t - +0 chain mail
rPois    .         Spirit   .   (helmet restricted)
rElec    .         Reflect  .   (no cloak)
rCorr    .         Harm     .   (no gloves)
MR       .....                  (no boots)
Stlth    ..........             A - amulet of the gourmand
HPRegen  0.20/turn              (no ring)
MPRegen  0.10/turn              s - ring of see invisible

@: no status effects
A: retaliatory headbutt, horns 2
a: no special abilities


You were on level 4 of the Dungeon.
You were hungry.

You visited 1 branch of the dungeon, and saw 5 of its levels.

You collected 261 gold pieces.

Inventory:

Hand Weapons
 a - a +0 war axe (weapon)
 b - a +0 morningstar
 w - a +2 mace of crushing
 x - a +3 whip
 z - a +2 flail of holy wrath
Missiles
 y - 10 tomahawks (quivered)
Armour
 t - a +0 chain mail (worn)
 u - a cursed +0 leather armour
Jewellery
 n - an uncursed amulet of regeneration
 s - a ring of see invisible (right hand)
 v - an uncursed amulet of guardian spirit
 A - an amulet of the gourmand (around neck)
Scrolls
 e - 3 scrolls of identify {unknown}
 i - 2 scrolls of magic mapping {unknown}
 j - 5 scrolls of remove curse
 m - 2 scrolls of teleportation {unknown}
 o - a scroll of blinking {unknown}
 q - a scroll of amnesia {unknown}
 r - a scroll of fog {unknown}
Potions
 c - a potion of ambrosia {unknown}
 d - a potion of might
 g - a potion of resistance {unknown}
 h - a potion of magic {unknown}
 k - 4 potions of brilliance {unknown}
 l - a potion of degeneration {unknown}
Comestibles
 f - 6 rations


   Skills:
 - Level 5.0 Fighting
 + Level 8.0 Axes
 + Level 6.9 Armour
   Level 3.6 Shields


You had 6 spell levels left.
You didn't know any spells.
Your spell library was empty.

Dungeon Overview and Level Annotations

Branches:
Dungeon (5/15)
 Temple: D:4-7

Altars:
Trog
Uskayaw


Innate Abilities, Weirdness & Mutations

You reflexively headbutt those who attack you in melee.
You have a pair of horns on your head.


Message History

Unknown command.
You are feeling hungry.
There is a stone staircase leading up here.
The ice beast hits you but does no damage.
The ice beast hits you. The ice beast freezes you!
* * * LOW HITPOINT WARNING * * *
You climb upwards.
There is a stone staircase leading down here.
You closely miss the ice beast.
You headbutt the ice beast, but do no damage.
The ice beast is almost dead.
Your chain mail prevents you from hitting the ice beast.
The ice beast barely misses you. You furiously retaliate!
You headbutt the ice beast.
You kill the ice beast!
Your Axes skill increases to level 8!
The ice beast hits you.
* * * LOW HITPOINT WARNING * * *
The ice beast freezes you!
You die...

######............'....# ###
....##............#....# #.##
(...##..##........#...########...
....###'##..##....#...##.....#...
#...##..##..##....#..........#...
######...#..##....##..##.....##..
....##..##..##....######.....##..
)...######.....)..# ####'####>.
)...#...........@.# #........).
)................Y# #.......#).
#.................# ##......###
#.#............#.># ######.#
.##..≈≈........##.# ###
.##.≈..≈.......##.#
##≈≈≈..≈..≈≈...≈###
#≈≈≈..≈..≈..≈..≈≈#
#≈≈...≈.⌠≈..≈..≈≈#


You could see an ice beast.

Vanquished Creatures
  Eustachio (D:4)
  An ice beast (D:4)
  A crocodile (D:4)
  A scorpion (D:4)
  2 orc priests
  An iguana (D:4)
  5 orc wizards (D:4)
  Robin (D:2)
  3 gnolls (D:3)
  5 adders
  3 oozes
  7 worms
  2 dart slugs
  5 leopard geckos
  16 orcs
  3 giant cockroaches
  9 goblins
  11 hobgoblins
  4 jackals (D:3)
  4 quokkas
  A ball python (D:1)
  6 bats
  4 frilled lizards
  9 kobolds
  12 rats
117 creatures vanquished.

Notes
Turn   | Place    | Note
-------+----------+-------------------------------------------
     0 | D:1      | Kobolds4U the Minotaur Fighter began the quest for the Orb.
     0 | D:1      | Reached XP level 1. HP: 19/19 MP: 0/0
   346 | D:1      | Reached skill level 3 in Axes
   356 | D:1      | Reached XP level 2. HP: 23/27 MP: 1/1
   916 | D:2      | Reached XP level 3. HP: 33/33 MP: 2/2
   970 | D:2      | Reached skill level 4 in Axes
  1354 | D:2      | Reached XP level 4. HP: 41/41 MP: 3/3
  1647 | D:2      | Noticed Robin
  1661 | D:2      | Killed Robin
  2080 | D:3      | Reached skill level 5 in Axes
  2417 | D:3      | Reached skill level 5 in Fighting
  2417 | D:3      | Reached XP level 5. HP: 46/48 MP: 4/4
  2976 | D:4      | Noticed Eustachio
  2996 | D:4      | Killed Eustachio
  2996 | D:4      | Reached skill level 6 in Axes
  2996 | D:4      | Reached skill level 5 in Armour
  2996 | D:4      | Reached XP level 6. HP: 51/56 MP: 5/5
  3018 | D:4      | Noticed a +0 dagger
  3019 | D:4      | Noticed a +0 hand axe
  3021 | D:4      | Found a hide-covered altar of Uskayaw.
  3022 | D:4      | Found a bloodstained altar of Trog.
  3022 | D:4      | Noticed a moth of wrath
  3274 | D:4      | Reached skill level 7 in Axes
  3283 | D:4      | Reached XP level 7. HP: 30/61 MP: 6/6
  3791 | D:5      | Entered Level 5 of the Dungeon
  3802 | D:4      | Reached skill level 8 in Axes
  3802 | D:4      | Slain by an ice beast

Skill      XL: |  1  2  3  4  5  6  7 |
---------------+----------------------+-----
Axes           | 3 4 5 6 7 8 |  8.0
Fighting       | 4 5 |  5.0
Armour         | 5 6 |  6.9
Shields        | |  3.6

Action                   |  1- 3 |  4- 6 |  7- 9 || total
-------------------------+-------+-------+-------++-------
Melee: War axe           |    82 |    72 |    44 ||   198
       Headbutt          |    12 |    18 |     6 ||    36
       Morningstar       |       |    46 |       ||    46
       Mace              |       |    26 |       ||    26
  Use: Scroll            |       |     1 |       ||     1
  Eat: Chunk             |     1 |     7 |     1 ||     9
Armor: Scale mail        |    33 |    23 |       ||    56
       Chain mail        |       |    80 |    35 ||   115
Dodge: Dodged            |    48 |    91 |    23 ||   162
